 Dungeon Crawl Stone Soup version 0.31-b1-20-g67cafac56d (webtiles) character file.

Game seed: 16041869854191016947

2 Esekla the Sneak (level 1, -5/16 HPs)
             Began as an Octopode Delver on Jan 18, 2024.
             Splashed by a jelly's acid (11 damage)
             ... on level 5 of the Dungeon.
             The game lasted 00:05:49 (313 turns).

Esekla the Sneak (Octopode Delver)                   Turns: 313, Time: 00:05:49

Health: -5/16      AC: -3    Str: 11    XL:     1   Next: 30%
Magic:  1/1        EV: 12    Int: 12    God:
Gold:   31         SH:  4    Dex: 13    Spells: 0/0 levels left

rFire   . . .        a - +0 falchion
rCold   . . .        c - +0 buckler
rNeg    . . .        (helmet restricted)
rPois   .            (no amulet)
rElec   .            (no ring)
rCorr   .            (no ring)
SInv    .            (no ring)
Will    .....        (no ring)
Stlth   ++++         (no ring)
HPRegen 0.22/turn    (no ring)
MPRegen 0.07/turn    (no ring)
                     (no ring)

%: no passive effects
@: corroded
A: almost no armour, amphibious, 8 rings, camouflage 1, gelatinous body 1,
(nimble swimmer 1), tentacles
a: no special abilities


You were on level 5 of the Dungeon.
You visited 1 branch of the dungeon, and saw 1 of its levels.

You collected 31 gold pieces.

Inventory:

Hand Weapons
 a - a +0 falchion (weapon)
 s - a +0 short sword
Missiles
 h - 3 boomerangs (quivered)
Armour
 c - a +0 buckler (worn)
Wands
 f - a wand of digging (3)
Scrolls
 b - a scroll of fog
 d - a scroll of fear
 i - 2 scrolls of identify {unknown}
 j - a scroll of butterflies {unknown}
Potions
 e - a potion of haste
 g - a potion of attraction {unknown}


   Skills:
 * Level 3.0 Fighting
 * Level 2.0 Long Blades
 * Level 2.0 Dodging
 + Level 6.6 Stealth
 * Level 0.1 Shields


You couldn't memorise any spells.
You didn't know any spells.
Your spell library contained the following spells:

 Spells                   Type           Power      Damage    Failure   Level
 Sandblast                Erth           0%         2d4       43%         1
 Passwall                 Erth           0%         N/A       82%         3
 Stone Arrow              Conj/Erth      0%         3d7       82%         3
 Brom's Barrelling Bould  Conj/Erth      0%         2d3       99%         4


Dungeon Overview and Level Annotations

Branches:
Dungeon (5/15)
 Temple: D:4-7

Altars:

Shops:
D:5 =*!=


Innate Abilities, Weirdness & Mutations

You cannot wear most types of armour.
You are amphibious.
You can wear up to eight rings at the same time.
Your skin changes colour to match your surroundings (Stealth+).
Your rubbery body absorbs attacks. (AC +1, EV +1)
((You are camouflaged when in or above water. (Stealth+)))
You have tentacles for arms and can constrict up to eight enemies at once.


Message History

Adjust to which letter? (? for menu, Esc to quit)
s - a +0 short sword
There is an entrance to Orehat's Distillery here.
You can access your shopping list by pressing '$'.
You see here a +0 leather armour.
There is a stone staircase leading up here.
Found 2 scrolls labelled TIVVECV VEHA.
i - 2 scrolls labelled TIVVECV VEHA A jelly comes into view.
Found a stone staircase leading down.
Found a falchion.
Found Ibbad's Jewellery Boutique.
There is a stone staircase leading down here.
Found a scroll labelled SYCLYKK WESCHYM.
Found 12 gold pieces.
There is an entrance to Ibbad's Jewellery Boutique here.
You can access your shopping list by pressing '$'.
You see here a +0 falchion.
j - a scroll labelled SYCLYKK WESCHYM You now have 31 gold pieces (gained 12).
A black bear comes into view.
A hound comes into view.
s - a +0 short sword (weapon)
Found Uruyt's Assorted Antiques.
Found a stone staircase leading up. 2 orc wizards come into view.
An orc wizard is wielding a +1 dagger of venom.
Found a fizzy emerald potion.
The helpless jelly fails to defend itself.
You puncture the jelly! The acid corrodes you!
Your tentacles burn!
The jelly is almost dead.
The orc wizard shouts! x2
The orc wizard gestures wildly while chanting.
The orc wizard flickers and vanishes!
Deactivating autopickup; reactivate with Ctrl-A.
The jelly misses you.
a - a +0 falchion (weapon)
You hit the jelly but do no damage.
Your tentacles burn!
The jelly is almost dead.
The jelly hits you.
You are splashed with acid!
Ouch! That really hurt!
You die...

.#* #.# #.# #####.8...8. ##
#.########.# #####...#... ##
#..........## ####...###.# .#
##########..# *####....#... .#
#..###......8...8. .#
#......###(...#...
################..###.###...###.#
..................# *.###...B#...
#.##############@.#**......8...8.
.#...# #.o{.J...#*##.#..$.....
#.##.# #.####...# ##.#####....
#.##.# *,* #..∩# ##..........
#.##.#* *,* #<..#*##..####..##
#.#...** *,* #....,,,,,,,,,,,*
#..h#.,****,* #.#.##**,,*****,**
#..#*#.,,**,***#..!#***,,* *,,,
##.,*,.*,,,,,,,,,,,,,,,,,* ****


You could see a jelly and an orc wizard.

Vanquished Creatures
  An orc (D:5)
1 creature vanquished.

Notes
Turn   | Place    | Note
-------+----------+-------------------------------------------
     0 | D:5      | Esekla the Octopode Delver began the quest for the Orb.
     0 | D:5      | Reached XP level 1. HP: 16/16 MP: 1/1
     8 | D:5      | Noticed a water moccasin
    11 | D:5      | Noticed a bombardier beetle
    25 | D:5      | Found Xecu's Jewellery Shoppe.
    41 | D:5      | Noticed an orc wizard
   134 | D:5      | Found Orehat's Distillery.
   212 | D:5      | Noticed a jelly
   261 | D:5      | Found Ibbad's Jewellery Boutique.
   280 | D:5      | Noticed a black bear
   290 | D:5      | Noticed a hound
   309 | D:5      | Found Uruyt's Assorted Antiques.
   310 | D:5      | Noticed an orc wizard
   310 | D:5      | Noticed an orc wizard
   313 | D:5      | Splashed by a jelly's acid

Illustrated notes

Levels and vault maps discovered:
D:5:      layout_loops_ring, led_sif_book, serial_shops, shop, shop,
          nicolae_shop_tiny_statue_garden, nicolae_shop_back_alley_shop,
          nicolae_diamond_shop, minmay_misc_feat_four_crosses

Action                     || total
---------------------------++-------
  Melee: Falchion          ||     3
         Short sword       ||     1
         Constrict         ||     1
    Use: Scroll            ||     1
   Stab: Sleeping          ||     2
 Armour: Skin              ||     2
  Dodge: Dodged            ||     1
